 Dungeon Crawl Stone Soup version 0.29.1-1-gd02db6906a (webtiles) character file.

Game seed: 17824895629055489930

18110 Larmestyx the Fighter (level 12, -5/100 HPs)
             Began as a Djinni Fire Elementalist on Sept 25, 2022.
             Slain by a torpor snail (18 damage)
             ... on level 3 of the Lair of Beasts on Sept 26, 2022.
             The game lasted 02:59:51 (18418 turns).

Larmestyx the Fighter (Djinni Fire Elementalist)   Turns: 18418, Time: 02:59:53

Health: -5/100     AC: 10    Str:  7    XL:     12   Next: 91%
Gold:   262        EV: 12    Int: 20    God:
                   SH:  0    Dex: 13

rFire   + + .      SeeInvis .   N - +10 long sword of Dithmenos's Hope {venom, rElec rCorr Dex-3}
rCold   + . .      Faith    .   (no shield)
rNeg    . . .      Spirit   .   F - +2 robe {rC+}
rPois   ∞          Reflect  .   n - +2 helmet
rElec   +          Harm     .   (no cloak)
rCorr   +          Rampage  .   L - +2 pair of gloves
Will    +....                   (boots unavailable)
Stlth   ++........              G - amulet of regeneration
HPRegen 1.06/turn               J - ring of protection from cold
MPRegen 0.00/turn               m - ring of wizardry

@: flying, slowed, very slow
A: sickness immunity, fire resistance 2, cold vulnerability 1, float, innate
caster, HP casting, extra vitality 1
a: no special abilities


You were on level 3 of the Lair of Beasts.
You visited 3 branches of the dungeon, and saw 14 of its levels.
You also visited: Sewer, Ossuary and Bailey.

You collected 643 gold pieces.
You spent 381 gold pieces at shops.

Inventory:

Hand Weapons
 N - the +10 long sword of Dithmenos's Hope (weapon) {venom, rElec rCorr Dex-3}
   (You found it on level 6 of the Dungeon)

   It poisons the flesh of those it strikes.
   Dex:       It affects your dexterity (-3).
   rElec:     It insulates you from electricity.
   rCorr:     It protects you from acid and corrosion.
 V - the +8 frozen axe "Frostbite" {freezing cloud, *Noise Fly rC+}
   (You found it on level 9 of the Dungeon)

   It freezes those it strikes, dealing additional cold damage.
   It can also slow down cold-blooded creatures.
   It occasionally leaves clouds of freezing vapour upon striking a foe.
   It grants immunity to clouds of freezing vapour.
   rC:        It protects you from cold.
   Fly:       It grants you flight.
   *Noise:    It may make noises in combat.
Missiles
 c - 126 stones
 e - 6 atropa-tipped darts
 C - 29 poisoned darts
 O - a throwing net
 S - 3 boomerangs of dispersal
Armour
 a - +0 steam dragon scales
 n - a +2 helmet (worn)
 F - a +2 robe of cold resistance (worn)
 H - the +2 robe of Purpose {MP+9}
   (You found it on level 4 of the Dungeon)

   MP:        It affects your magic capacity (+9).
 L - a +2 pair of gloves (worn)
 U - the +2 robe "Jyemit" {Fly rElec Str-3 Int+2}
   (You bought it in a shop on level 8 of the Dungeon)

   Str:       It affects your strength (-3).
   Int:       It affects your intelligence (+2).
   rElec:     It insulates you from electricity.
   Fly:       It grants you flight.
Jewellery
 f - a ring of protection from fire
 m - a ring of wizardry (right hand)
 w - a +6 ring of dexterity
 D - a +6 ring of dexterity
 G - an amulet of regeneration (around neck)
 J - a ring of protection from cold (left hand)
 Q - a ring of resist corrosion
 W - an amulet of faith
Wands
 o - a wand of paralysis (18)
 u - a wand of quicksilver (17)
 P - a wand of flame (38)
 R - a wand of polymorph (9)
 T - a wand of digging (6)
Scrolls
 i - a scroll of immolation {unknown}
 l - a scroll of fear
 p - a scroll of amnesia {unknown}
 s - 3 scrolls of enchant weapon
 t - 5 scrolls of teleportation
 B - 4 scrolls of noise {unknown}
 E - 4 scrolls of enchant armour
 I - a scroll of torment {unknown}
 K - a scroll of poison {unknown}
 Z - 3 scrolls of summoning
Potions
 b - 2 potions of ambrosia
 d - 4 potions of brilliance
 g - 4 potions of haste
 j - 4 potions of resistance
 q - 3 potions of lignification
 r - 3 potions of curing
 v - 6 potions of cancellation
 x - 7 potions of degeneration
 z - 4 potions of mutation
 A - 5 potions of might
 M - 2 potions of berserk rage
 X - a potion of experience
 Y - a potion of invisibility {unknown}
Miscellaneous
 h - a lightning rod (4/4)


   Skills:
 * Level 14.1 Fighting
 - Level 2.1 Dodging
 - Level 1.5 Stealth
 * Level 11.3 Spellcasting
 + Level 2.4 Evocations


You had 5 spell levels left.
You knew the following spells:

 Your Spells              Type           Power      Damage    Failure   Level
a - Foxfire               Conj/Fire      100%       2x1d9     1%          1
b - Scorch                Fire           100%       2d10      1%          2
c - Conjure Flame         Conj/Fire      54%        6-21      1%          3
d - Inner Flame           Hex/Fire       54%        N/A       1%          3
e - Flame Wave            Conj/Fire      54%        2d13      1%          4
f - Sting                 Tmut/Pois      100%       1d8       1%          1
g - Ensorcelled Hibernat  Hex/Ice        100%       N/A       1%          2
h - Spider Form           Tmut/Pois      54%        N/A       1%          3
i - Animate Dead          Necr           54%        N/A       1%          4
j - Summon Mana Viper     Hex/Summ       54%        N/A       1%          5
Your spell library was empty.

Dungeon Overview and Level Annotations

Branches:
Dungeon (10/15)            Temple (1/1) D:6            Lair (3/5) D:8
    Orc (0/2) D:10          Sewer (visited)         Ossuary (visited)
 Bailey (visited)
  Swamp: Lair:2-3    Shoals: Lair:2-3     Snake: Lair:2-3    Spider: Lair:2-3

Altars:
Ashenzari
Cheibriados
Dithmenos
Elyvilon
Fedhas
Gozag
Hepliaklqana
Makhleb
Nemelex Xobeh
Okawaru
Qazlal
Ru
Trog
Uskayaw
Wu Jian
Xom
Yredelemnul
Zin
The Shining One

Shops:
D:2 ?[!?   D:5 (   D:8 [==

Annotations:
D:9 1 runed translucent door, Erica


Innate Abilities, Weirdness & Mutations

You are immune to sickness and miasma.
You are immune to poison.
Your flesh is very heat resistant. (rF++)
You are vulnerable to cold. (rC-)
You float through the air rather than walking.
You learn spells naturally, not from books.
Your magical power is your life essence.
You have superior vitality. (+4 MHP)


Message History

The torpor snail is moderately wounded.
* * * LOW HITPOINT WARNING * * *
The torpor snail is no longer more vulnerable to fire.
The bullfrog closely misses you. The torpor snail bites you.
* * * LOW HITPOINT WARNING * * *
The bullfrog hits you but does no damage.
A wave of flame ripples out!
The flame wave engulfs the bullfrog!
You kill the bullfrog!
The flame wave engulfs the torpor snail!
The torpor snail is moderately wounded.
The flame wave engulfs the butterfly!
You kill the butterfly!
* * * LOW HITPOINT WARNING * * *
You finish channelling waves of flame.
You hear an angry hiss.
The torpor snail barely misses you.
Blink to where?
Press: ? - help, Q - select action, (/) - cycle Dir - move target A bullfrog comes into view.
As you read the scroll of blinking, it crumbles to dust.
The bullfrog moves out of view.
Casting: Flame Wave (safe; 1% risk of failure)
Confirm with . or Enter, or press ? or * to list all spells.
Flames lash the torpor snail.
The torpor snail is heavily wounded.
The torpor snail's fire resistance burns away.
* * * LOW HITPOINT WARNING * * *
Casting: Scorch (safe; 1% risk of failure)
Confirm with . or Enter, or press ? or * to list all spells.
Flames lash the torpor snail.
The torpor snail is burned terribly!
The torpor snail is severely wounded.
* * * LOW HITPOINT WARNING * * *
You hear a loud, deep croak!
Casting: Scorch (safe; 1% risk of failure)
Confirm with . or Enter, or press ? or * to list all spells.
Flames lash the torpor snail.
The torpor snail is burned terribly!
The torpor snail is almost dead.
* * * LOW HITPOINT WARNING * * *
The torpor snail bites you!!
You die...

P. .#.. .##
... .#. ...
.. .. #.##.#
#.#....
#....#
#.....#
#....#.#.#...
.#@.#......
#...w..#...
#..##.......
....##.....#.
....#
#.....<# ...#
#P...#.# ...
#..#..... ..
....#...#. .
P......


You could see a torpor snail (combustible).

Vanquished Creatures
  A two-headed ogre (D:8)
  A deep elf pyromancer (D:10)
  4 orc knights
  A manticore (D:9)
  An elephant (D:8)
  A kobold demonologist (D:10)
  An unseen horror (D:10)
  A yaktaur (Bailey)
  2 ice devils (D:9)
  A komodo dragon (Lair:1)
  A troll (D:8)
  5 blink frogs (Lair:1)
  21 yaks
  2 wyverns
  Grum (D:9)
  3 vampire mosquitoes (D:10)
  2 basilisks
  3 steam dragons
  Menkaure (D:5)
  An acid dragon (D:10)
  A water moccasin (D:9)
  12 orc warriors
  2 ice beasts
  2 black bears
  2 ogres
  5 centaurs
  8 wolves
  4 kobold brigands (Sewer)
  An elf zombie (Ossuary)
  6 bullfrogs
  2 gnoll sergeants
  A necrophage (D:4)
  4 scorpions
  21 wights
  12 killer bees
  3 electric eels
  A howler monkey (D:9)
  2 human zombies
  2 hounds
  13 orc priests
  15 orc wizards
  2 mummies (Ossuary)
  12 gnolls
  14 river rats
  13 adders
  4 white imps (D:9)
  3 ufetubi
  A worm (D:3)
  A dart slug (D:5)
  90 orcs
  11 endoplasms
  2 giant cockroaches (D:1)
  22 goblins
  13 hobgoblins
  4 jackals (D:1)
  5 quokkas
  12 ball pythons
  10 bats
  3 frilled lizards
  A goblin zombie (Ossuary)
  5 hobgoblin zombies (Ossuary)
  A jackal zombie (Ossuary)
  27 kobolds
  14 kobold zombies
  10 orc zombies (Ossuary)
  21 rats
  6 rat zombies
  A butterfly (Lair:3)
481 creatures vanquished.

Vanquished Creatures (collateral kills)
  11 foxfires
11 creatures vanquished.

Vanquished Creatures (others)
  A centaur simulacrum (D:9)
  1138 foxfires
  5 fungi (Lair:2)
  62 plants
1206 creatures vanquished.

Grand Total: 1698 creatures vanquished

Notes
Turn   | Place    | Note
-------+----------+-------------------------------------------
     0 | D:1      | Larmestyx the Djinni Fire Elementalist began the quest for
                  | the Orb.
     0 | D:1      | Larmestyx set off with the following spells memorised:
                  | Foxfire, Scorch, Conjure Flame, Inner Flame, Flame Wave.
     0 | D:1      | Reached XP level 1. HP: 15/15 MP: 0/0
   279 | D:1      | Reached XP level 2. HP: 17/22 MP: 0/0
   361 | D:1      | Reached skill level 1 in Fighting
   897 | D:1      | Reached XP level 3. HP: 25/27 MP: 0/0
   897 | D:1      | Learned a level 1 spell: Sting
  1423 | D:2      | Reached skill level 2 in Fighting
  1572 | D:2      | Found Vuoxkiab's Magic Scroll Shop.
  1585 | D:2      | Reached XP level 4. HP: 29/33 MP: 0/0
  1692 | D:2      | Bought a scroll of identify for 26 gold pieces
  1828 | D:2      | Found Hydy Tevue's Armour Emporium.
  1898 | D:2      | Found Situnt's Distillery.
  2066 | D:2      | Found a faded altar of an unknown god.
  2067 | D:2      | Noticed a floating eye
  2069 | D:2      | Noticed an eye of devastation
  2069 | D:2      | Noticed an eye of devastation
  2069 | D:2      | Noticed a golden eye
  2395 | D:2      | Found Nimeifux's Magic Scroll Shop.
  2398 | D:2      | Bought a scroll of identify for 20 gold pieces
  2489 | D:2      | Found a basalt altar of Yredelemnul.
  2631 | D:2      | Bought a potion of curing for 36 gold pieces
  3276 | D:3      | Reached skill level 3 in Fighting
  3276 | D:3      | Reached XP level 5. HP: 32/40 MP: 0/0
  3276 | D:3      | Learned a level 2 spell: Ensorcelled Hibernation
  3396 | D:3      | Found a hide-covered altar of Uskayaw.
  4304 | D:4      | Found a sand-covered staircase.
  4321 | D:4      | Reached XP level 6. HP: 8/46 MP: 0/0
  4700 | Ossuary  | Entered an ossuary
  5403 | Ossuary  | Reached skill level 4 in Fighting
  5866 | D:4      | You are sucked into a shaft and drop 2 floors!
  5881 | D:6      | Reached XP level 7. HP: 48/53 MP: 0/0
  5881 | D:6      | Learned a level 3 spell: Spider Form
  5941 | D:6      | Found a glowing drain.
  5969 | D:6      | Noticed a yak
  5969 | D:6      | Noticed a yak
  6061 | D:6      | Reached skill level 5 in Fighting
  6070 | D:6      | Reached skill level 5 in Spellcasting
  6197 | Sewer    | Entered a sewer
  6362 | Sewer    | Reached XP level 8. HP: 58/60 MP: 0/0
  6930 | Sewer    | Reached skill level 6 in Fighting
  7731 | D:6      | Reached skill level 7 in Fighting
  7981 | D:6      | Reached XP level 9. HP: 54/68 MP: 0/0
  7981 | D:6      | Learned a level 4 spell: Animate Dead
  8675 | D:6      | Found a blossoming altar of Fedhas.
  8724 | D:5      | Entered Level 5 of the Dungeon
  8751 | D:4      | Reached skill level 8 in Fighting
  9042 | D:4      | Identified the +2 robe of Purpose {MP+9}
  9690 | D:2      | Bought a potion of heal wounds for 60 gold pieces
  9690 | D:2      | Bought a potion of heal wounds for 60 gold pieces
  9731 | D:2      | Bought a scroll of identify for 26 gold pieces
  9883 | D:5      | Found Eqebbadi's Weapon Shoppe.
 10019 | D:5      | Found a blossoming altar of Fedhas.
 10215 | D:5      | Noticed Menkaure
 10220 | D:5      | Killed Menkaure
 10319 | D:5      | Found a stormy altar of Qazlal.
 10459 | D:5      | Reached skill level 9 in Fighting
 10644 | D:5      | Found a burning altar of Makhleb.
 10644 | D:5      | Noticed a green death
 10667 | D:5      | Reached XP level 10. HP: 67/78 MP: 0/0
 10870 | D:5      | Found an iron altar of Okawaru.
 11144 | D:6      | Found a staircase to the Ecumenical Temple.
 11162 | Temple   | Entered the Ecumenical Temple
 11786 | D:6      | Identified the +10 long sword of Dithmenos's Hope {venom,
                  | rElec rCorr Dex-3}
 12082 | D:7      | Reached skill level 10 in Fighting
 13212 | D:8      | Noticed an elephant
 13340 | D:8      | Found Ifohani's Jewellery Boutique.
 13593 | D:7      | Reached skill level 11 in Fighting
 13595 | D:7      | Reached XP level 11. HP: 13/87 MP: 0/0
 13595 | D:7      | Learned a level 5 spell: Summon Mana Viper
 13818 | D:8      | Found Soma's Jewellery Emporium.
 13876 | D:8      | Noticed a two-headed ogre
 13881 | D:8      | Killed a two-headed ogre
 14173 | D:8      | Found Ostestra's Antique Armour Emporium.
 14178 | D:8      | Bought an ancient robe for 153 gold pieces
 14178 | D:8      | Identified the +2 robe "Jyemit" {Fly rElec Str-3 Int+2}
                  | (You bought it in a shop on level 8 of the Dungeon)
 14203 | D:8      | Killed an elephant
 14397 | D:8      | Found a staircase to the Lair.
 14439 | D:9      | Found a runed translucent door.
 14449 | D:9      | Noticed a boulder beetle
 14450 | D:9      | Noticed Erica
 14461 | D:9      | Reached skill level 12 in Fighting
 14475 | D:9      | Noticed a rakshasa
 14645 | D:9      | Noticed Grum
 14654 | D:9      | Killed Grum
 14864 | D:9      | Found the +8 frozen axe "Frostbite" {freezing cloud, *Noise
                  | Fly rC+}
 14931 | D:9      | Noticed a manticore
 14938 | D:9      | Killed a manticore
 14939 | D:9      | Reached skill level 10 in Spellcasting
 14969 | D:10     | Entered Level 10 of the Dungeon
 15037 | D:10     | Noticed a deep elf pyromancer
 15047 | D:10     | Killed a deep elf pyromancer
 15099 | D:10     | Noticed a five-headed hydra
 15265 | D:10     | Found a flagged portal.
 15281 | Bailey   | Entered a bailey
 15428 | Bailey   | Noticed an orc knight
 15506 | Bailey   | Noticed an orc knight
 15512 | Bailey   | an orc knight changed into a yaktaur
 15574 | Bailey   | Killed an orc knight
 15575 | Bailey   | Reached XP level 12. HP: 52/96 MP: 0/0
 15654 | Bailey   | Reached skill level 13 in Fighting
 16060 | D:10     | Found a glowing silver altar of Zin.
 16060 | D:10     | Noticed an angel
 16963 | D:10     | Found a staircase to the Orcish Mines.
 17107 | D:10     | Noticed a deep troll
 17264 | Lair:1   | Entered Level 1 of the Lair of Beasts
 17326 | Lair:1   | Reached skill level 1 in Evocations
 17854 | Lair:1   | Reached skill level 14 in Fighting
 18375 | Lair:2   | Noticed a boulder beetle
 18405 | Lair:2   | a boulder beetle changed into a torpor snail
 18418 | Lair:3   | Slain by a torpor snail

Illustrated notes

Levels and vault maps discovered:
D:1:      lightli_arrival_flooded_house, layout_basic
D:2:      layout_basic, basic_altar, serial_shops, nicolae_shop_behind_doors,
          shop, nicolae_shop_advertising_works [nicolae_subvault_shop_adworks],
          nicolae_square_shop, hellmonk_ecumenical_altar_watching_god
D:3:      layout_loops_ring, lemuel_round_altar
D:4:      layout_layer_cave, enter_ossuary_3, serial_bayou,
          serial_bayou_lagoon_b, serial_bayou_shore_a, serial_bayou_pond_a,
          serial_bayou_shore_b, minmay_goblin_kobold_house
D:5:      wad_woods_stonehenge, layout_loops_corners, grunt_qazlal_clouds,
          makhleb_altar_promises_db, okawaru_gym_becter, serial_shops, shop,
          uniq_menkaure
D:6:      corexii_shantytown, layout_basic, fedhas_altar_1,
          minmay_temple_entry_offerings, portal_sewer_entry_b
D:7:      layout_gridville, kiku_gazebo_garden_becter, minivault_5
D:8:      layout_cave_pools, david_lair_generic, serial_shops, shop,
          nicolae_shop_hallway_plus, nicolae_inconvenience_store,
          eino_tiny_chamber, chequers_serial_rivers_micro_d, minmay_door_square
D:9:      minmay_the_grid_four_pointed_star_mashed
          [minmay_the_grid_triangle_9x9_subtriangle,
          minmay_the_grid_triangle_9x9_minimal,
          minmay_the_grid_triangle_9x9_dagger,
          minmay_the_grid_triangle_9x9_sparse_checkered,
          minmay_the_grid_prize_trominoes], layout_gridville, led_sif_pool,
          hellmonk_guarded_unrand_frostbite, uniq_erica, uniq_grum
D:10:     dreamdust_cave_troll, layout_loops_ring, zin_angel, erik_orc_2,
          enter_bailey_5, corexii_leaking_fountain, wad_mini_maze
Temple:   eino_narrow_crystal_temple
Lair:1:   layout_regular_city, chequers_serial_rivers_micro_d,
          serial_bayou_shore_b
Lair:2:   layout_chaotic_city, guppyfry_snake_entry_island
Lair:3:   layout_long_grid, shoals_dummy_entry, gammafunk_ghost_grave,
          lemuel_fruit_tree, lemuel_fruit_fields, lemuel_fruit_fields,
          infiniplex_staircase_pool_2

Skill      XL: |  1  2  3  4  5  6  7  8  9 10 11 12 |
---------------+-------------------------------------+-----
Fighting       | 1 2 3 4 5 7 9 11 12 14 | 14.1
Spellcasting   | 3 4 5 6 7 8 10 11 | 11.3
Evocations     | 2 |  2.4
Dodging        | |  2.1
Stealth        | |  1.5

Action                   |  1- 3 |  4- 6 |  7- 9 | 10-12 || total
-------------------------+-------+-------+-------+-------++-------
Melee: Long sword        |       |       |       |     1 ||     1
 Cast: Foxfire           |    64 |    85 |   208 |   329 ||   686
       Scorch            |       |    98 |    91 |   309 ||   498
       Flame Wave        |       |       |     5 |    28 ||    33
Evoke: Wand              |       |       |       |     2 ||     2
  Use: Scroll            |       |    10 |     2 |    13 ||    25
       Potion            |       |       |       |     6 ||     6
Armor: Robe              |     5 |     7 |    10 |    50 ||    72
Dodge: Dodged            |    10 |    16 |    20 |   129 ||   175
